 Dungeon Crawl Stone Soup version 0.26-a0-652-gafc20e3620 (webtiles) character file.

Game seed: 17148491099959807306

37845 Conn the Thaumaturge (level 13, -5/79 HPs)
             Began as an Octopode Hedge Wizard on Oct 4, 2020.
             Was an Elder of Sif Muna.
             Slain by a cane toad (19 damage)
             ... on level 4 of the Lair of Beasts.
             The game lasted 02:00:00 (28401 turns).

Conn the Thaumaturge (Octopode Hedge Wizard)       Turns: 28401, Time: 02:00:03

Health: -5/79      AC:  7    Str:  9    XL:     13   Next: 99%
Magic:  0/28       EV: 18    Int: 19    God:    Sif Muna [****..]
Gold:   1111       SH:  4    Dex: 23    Spells: 4/34 levels left

rFire    + . .     SeeInvis .   a - +6 short sword (freeze)
rCold    . . .     Faith    .   (no shield)
rNeg     + + .     Spirit   +   b - +2 hat
rPois    +         Reflect  .   B - amulet "Leorch" {Spirit Dex+5}
rElec    +         Harm     .   W - +6 ring of dexterity
rCorr    .         Rampage  .   C - ring of wizardry
MR       .....                  v - ring of protection from cold
Stlth    ++++++....             K - ring of Kulixto {Fire *Contam rElec rPois rN++}
HPRegen  0.23/turn              S - ring of ice
MPRegen  0.21/turn              J - ring of fire
                                U - ring of wizardry
                                g - ring "Sikhy" {AC+4 Slay+3}

@: brilliant, slowed, very slow
A: almost no armour, stealthy swim, amphibious, 8 rings, constrict 8, large bone
plates 1, camouflage 1, dopey 1, electricity resistance, gelatinous body 1,
evolution 1, MP-powered wands
a: Channel Magic, Forget Spell, Divine Exegesis, Renounce Religion


You were on level 4 of the Lair of Beasts.
You worshipped Sif Muna.
Sif Muna was greatly pleased with you.
You visited 3 branches of the dungeon, and saw 20 of its levels.
You also visited: Sewer.

You collected 1231 gold pieces.
You spent 120 gold pieces at shops.

Inventory:

Hand Weapons
 a - a +6 short sword of freezing (weapon)
 r - a +1 war axe of distortion
 t - a +3 dagger of protection
 y - a +2 dagger of holy wrath
Missiles
 n - 3 curare-tipped darts (quivered)
 p - 51 poisoned darts
Armour
 b - a +2 hat (worn)
Magical Staves
 f - an uncursed staff of air
 G - an uncursed staff of earth
Jewellery
 g - the ring "Sikhy" (on tentacle) {AC+4 Slay+3}
   (You found it on level 1 of the Lair of Beasts)

   [ring of protection]

   It affects your AC (+4).
   It affects your accuracy and damage with ranged weapons and melee attacks
   (+3).
 h - an uncursed ring of flight
 u - an uncursed amulet of guardian spirit {unknown}
 v - a ring of protection from cold (on tentacle)
 B - the amulet "Leorch" (around mantle) {Spirit Dex+5}
   (You found it on level 5 of the Dungeon)

   [amulet of guardian spirit]

   It causes incoming damage to be split between your health and magic.
   It affects your dexterity (+5).
 C - a ring of wizardry (right tentacle)
 D - an uncursed amulet of magic regeneration
 I - an uncursed amulet of faith {unknown}
 J - a ring of fire (on tentacle)
 K - the ring of Kulixto (on tentacle) {Fire *Contam rElec rPois rN++}
   (You found it on level 6 of the Dungeon)

   [ring of fire]

   It enhances your fire magic.
   It protects you from fire.
   It makes you vulnerable to cold.
   It insulates you from electricity.
   It protects you from poison.
   It greatly protects you from negative energy.
   It causes magical contamination when unequipped.
 R - an uncursed amulet of the acrobat {unknown}
 S - a ring of ice (on tentacle)
 U - a ring of wizardry (on tentacle)
 W - a +6 ring of dexterity (left tentacle)
Wands
 o - a wand of acid (1)
 E - a wand of paralysis (1)
 F - a wand of digging (11)
 H - a wand of iceblast (8)
 L - a wand of flame (14)
 P - a wand of polymorph (26)
 V - a wand of random effects (22)
Scrolls
 d - 3 scrolls of enchant armour
 e - 8 scrolls of remove curse
 j - a scroll of torment {unknown}
 k - 14 scrolls of identify
 l - 2 scrolls of immolation
 s - a scroll of fog
 x - 4 scrolls of teleportation
 z - a scroll of enchant weapon
 M - a scroll of blinking
 N - 4 scrolls of fear
 Y - 2 scrolls of magic mapping
Potions
 c - a potion of ambrosia
 i - 8 potions of curing
 m - 3 potions of flight
 q - a potion of mutation
 w - 3 potions of magic
 A - 2 potions of stabbing
 O - 2 potions of brilliance
 X - a potion of resistance {unknown}
Miscellaneous
 Q - a tin of tremorstones (3/3)


   Skills:
 + Level 4.1 Fighting
 + Level 8.0 Short Blades
 + Level 1.9 Throwing
 + Level 5.7 Dodging
 + Level 10.8 Stealth
 * Level 11.3 Spellcasting
 * Level 9.0 Conjurations
 + Level 1.2 Hexes
 + Level 2.7 Summonings
   Level 4.4 Necromancy
 + Level 3.7 Translocations
 * Level 7.1 Fire Magic
 + Level 3.3 Ice Magic
 + Level 4.8 Air Magic
 - Level 3.0 Poison Magic
 * Level 6.4 Invocations
 + Level 0.3 Evocations


You had 4 spell levels left.
You knew the following spells:

 Your Spells              Type           Power        Failure   Level
a - Magic Dart            Conj           ####         1%          1
b - Blink                 Tloc           N/A          1%          2
c - Call Imp              Summ           ####....     1%          2
d - Conjure Flame         Conj/Fire      #######.     1%          3
e - Mephitic Cloud        Conj/Pois/Air  #####...     1%          3
f - Slow                  Hex            ###.....     1%          2
g - Fireball              Conj/Fire      #######...   1%          5
h - Summon Ice Beast      Ice/Summ       ######..     5%          4
i - Sticky Flame          Conj/Fire      #######.     1%          4
j - Iskenderun's Mystic   Conj/Tloc      ######..     1%          4

Your spell library contained the following spells:

 Spells                   Type           Power        Failure   Level
 Animate Skeleton         Necr           #####.       1%          1
 Foxfire                  Conj/Fire      ####         1%          1
 Pain                     Necr           ####         1%          1
 Summon Small Mammal      Summ           ####         1%          1
 Inner Flame              Hex/Fire       ######..     1%          3
 Vampiric Draining        Necr           #####.....   1%          3
 Animate Dead             Necr           #####.....   3%          4
 Agony                    Necr           #####...     8%          5
 Summon Forest            Summ/Tloc      ####......   13%         5
 Shadow Creatures         Summ           N/A          58%         6
 Ignition                 Fire           #######...   99%         8
 Dragon's Call            Summ           ####......   100%        9


Dungeon Overview and Level Annotations

Branches:
Dungeon (15/15)            Temple (1/1) D:4            Lair (4/6) D:8
  Swamp (0/4) Lair:2        Snake (0/4) Lair:3          Orc (0/2) D:11
  Sewer (visited)
 Vaults: D:13-14     Depths: D:15

Altars:
Ashenzari
Cheibriados
Elyvilon
Fedhas
Hepliaklqana
Kikubaaqudgha
Makhleb
Okawaru
Sif Muna
Trog
Wu Jian
Zin
The Shining One

Shops:
D:8 ?   D:10 [   D:13 [

Portals:
Trove: D:10 (give +6 demon trident)


Innate Abilities, Weirdness & Mutations

You cannot wear most types of armour.
You are very stealthy in the water. (Stealth+)
You are amphibious.
You can wear up to eight rings at the same time.
You can use your tentacles to constrict eight enemies at once.
Your skin changes colour to match your surroundings (Stealth+).
Your rubbery body absorbs attacks. (AC +1, EV +1)
You are partially covered in large bone plates. (SH +4)
You are dopey. (Int -2)
You are resistant to electric shocks. (rElec)
You evolve.
You expend magic power (3 MP) to strengthen your wands.


Message History

Confirm with . or Enter, or press ? or * to list all spells.
You feel a surge of power!
You blink.
The cane toad stings you.
The torpor snail is engulfed in noxious fumes.
The torpor snail appears confused.
Casting: Blink (safe; 1% risk of failure)
Confirm with . or Enter, or press ? or * to list all spells.
You feel a surge of power!
You blink.
Evoke which item? (* to show all) (? for menu, Esc to quit)
Press: ? - help, Shift-Dir - straight line, f - cane toad, p - torpor snail
Aim: a cane toad (lightly wounded, chance to defeat MR: 48%)
You feel a slight surge of power.
The cane toad resists with some effort.
The cane toad completely misses you.
Evoke which item? (* to show all) (? for menu, Esc to quit)
Aiming: Paralyse
Press: ? - help, Shift-Dir - straight line, f/p - cane toad
Aim: a cane toad (lightly wounded, chance to defeat MR: 47%)
The cane toad resists with some effort.
The cane toad stings you!
* * * LOW HITPOINT WARNING * * *
The cane toad stings you!!
You die...

.......................
#⌠.F...⌠..>..⌠.....⌠# .
+...............†...+.#
###....##...###w..###.#
#...F###.###..°..#...#
#.##....###....$.....#
# #....#.#.....#....#
#..##.†..⌠....F#..###
#.#. ##.......##@### #
.. ###.<.##..##
###.....#####.. #.#...
##.# #... ..P ###. ..
#. ... #. P..


You could see a torpor snail (confused) and a cane toad.

Vanquished Creatures
  A dire elephant (D:15)
  Snorg (D:11)
  2 centaur warriors
  5 two-headed ogres
  Urug (D:13)
  3 death yaks
  Nergalle (Lair:1)
  2 unseen horrors
  A wolf spider (Lair:1)
  A necromancer (D:11)
  A manticore (D:15)
  Maurice (D:11)
  A black mamba (Lair:1)
  Psyche (D:11)
  3 cane toads
  3 centaur zombies (D:11)
  A gargoyle (D:13)
  A rime drake (Lair:3)
  A kobold demonologist (D:14)
  5 komodo dragons
  A troll (D:11)
  A tyrant leech (Lair:2)
  Grinder (D:6)
  3 slime creatures
  A hornet (Lair:1)
  7 blink frogs (Lair:2)
  13 hippogriffs
  4 flying skulls (D:11)
  4 shadows
  A wyvern (D:8)
  4 wraiths
  41 yaks
  4 basilisks
  The ghost of ikjuyhgtrf the Cudgeler, an amateur MiFi (D:6)
  2 humans (D:8)
  3 swamp worms (Lair:2)
  3 water moccasins
  3 porcupines
  6 orc warriors
  3 sky beasts
  9 ice beasts
  2 phantoms
  2 necrophages (D:12)
  5 crocodiles
  3 ogres
  6 wolves
  6 centaurs
  9 bullfrogs
  A big kobold (D:9)
  2 wyvern zombies (D:11)
  A wyvern skeleton (D:12)
  5 scorpions
  2 water moccasin skeletons
  14 killer bees
  11 wights
  A howler monkey (D:6)
  4 bullfrog zombies (D:11)
  13 orc priests
  5 centaur skeletons
  9 hounds
  4 jellies
  7 bullfrog skeletons
  3 iguanas
  12 orc wizards
  13 worker ants
  A bullfrog simulacrum (D:6)
  A hound zombie (D:8)
  A hound skeleton (D:6)
  4 worker ant zombies (D:11)
  A howler monkey skeleton (D:8)
  27 adders
  2 shadow imps
  7 white imps
  A worker ant simulacrum (D:6)
  2 ufetubi (D:6)
  An ooze (D:4)
  2 adder skeletons
  An adder zombie (D:8)
  3 worms
  2 dart slugs
  3 leopard geckos
  56 orcs
  3 bats
  7 giant cockroaches
  6 goblins
  10 hobgoblins
  17 jackals
  5 quokkas
  5 ball pythons
  14 frilled lizards
  14 kobolds
  A leopard gecko skeleton (D:6)
  A quokka skeleton (D:7)
  5 rats
494 creatures vanquished.

Vanquished Creatures (collateral kills)
  A gargoyle (D:13)
  An ice beast (D:7)
  An ogre (D:5)
  2 killer bees
  An orc priest (D:4)
  An orc wizard (D:4)
  3 orcs
10 creatures vanquished.

Vanquished Creatures (others)
  A wight (D:14)
  26 fungi
  51 plants
78 creatures vanquished.

Grand Total: 582 creatures vanquished

Notes
Turn   | Place    | Note
-------+----------+-------------------------------------------
     0 | D:1      | Conn the Octopode Hedge Wizard began the quest for the Orb.
     0 | D:1      | Reached XP level 1. HP: 11/11 MP: 4/4
   179 | D:1      | Reached XP level 2. HP: 12/17 MP: 3/6
   472 | D:1      | Learned a level 2 spell: Blink
   477 | D:1      | Learned a level 2 spell: Call Imp
   563 | D:1      | Reached XP level 3. HP: 21/21 MP: 8/8
  1195 | D:1      | Learned a level 3 spell: Conjure Flame
  1327 | D:2      | Found a blossoming altar of Fedhas.
  1329 | D:2      | Found a glowing golden altar of the Shining One.
  1994 | D:3      | Reached XP level 4. HP: 19/27 MP: 1/9
  2386 | D:3      | Reached skill level 4 in Spellcasting
  2391 | D:3      | Reached skill level 1 in Short Blades
  2391 | D:3      | Reached XP level 5. HP: 20/32 MP: 3/11
  2512 | D:3      | Found a hazy altar of Hepliaklqana.
  2567 | D:3      | Found a glowing drain.
  2575 | Sewer    | Entered a sewer
  2652 | Sewer    | Reached skill level 1 in Fighting
  3662 | D:4      | Learned a level 3 spell: Mephitic Cloud
  3680 | D:4      | Reached XP level 6. HP: 38/38 MP: 9/12
  3952 | D:4      | Found a staircase to the Ecumenical Temple.
  3955 | D:4      | Reached skill level 1 in Air Magic
  3963 | Temple   | Entered the Ecumenical Temple
  4192 | Temple   | Became a worshipper of Sif Muna the Loreminder
  4508 | D:4      | Noticed a phantom
  4529 | D:4      | Learned a level 2 spell: Slow
  4559 | D:4      | Killed a phantom
  4559 | D:4      | Reached skill level 1 in Fire Magic
  4559 | D:4      | Reached skill level 1 in Poison Magic
  4559 | D:4      | Reached XP level 7. HP: 20/43 MP: 0/13
  5220 | D:5      | Entered Level 5 of the Dungeon
  5618 | D:5      | Found a white marble altar of Elyvilon.
  5641 | D:5      | Got a fine golden amulet
  5647 | D:5      | Identified the amulet "Leorch" {Spirit Dex+5} (You found it
                  | on level 5 of the Dungeon)
  6114 | D:5      | Reached skill level 5 in Stealth
  6749 | D:6      | Reached * piety under Sif Muna
  6773 | D:6      | Reached XP level 8. HP: 41/48 MP: 12/15
  6852 | D:6      | Noticed Grinder
  7100 | D:6      | Found a runed translucent gate.
  7100 | D:6      | Found a runed translucent gate.
  7100 | D:6      | Found a runed translucent gate.
  7193 | D:7      | Reached skill level 5 in Spellcasting
  7540 | D:7      | Found an ornate altar of the Wu Jian Council.
  7540 | D:7      | Noticed a hippogriff
  7541 | D:7      | Found an ancient bone altar of Kikubaaqudgha.
  7544 | D:7      | Found a glowing silver altar of Zin.
  7559 | D:7      | Killed a hippogriff
  7991 | D:7      | Reached ** piety under Sif Muna
  7995 | D:7      | Reached XP level 9. HP: 41/54 MP: 2/16
  8573 | D:6      | Killed Grinder
  8587 | D:6      | Noticed ikjuyhgtrf's ghost (amateur MiFi)
  8635 | D:6      | Killed ikjuyhgtrf's ghost
  9269 | D:6      | Reached skill level 6 in Spellcasting
  9553 | D:6      | Got the ring of Kulixto {Fire}
  9554 | D:6      | Identified the ring of Kulixto {Fire *Contam rElec rPois
                  | rN++} (You found it on level 6 of the Dungeon)
 10088 | D:7      | Learned a level 4 spell: Animate Dead
 10396 | D:8      | Noticed a death yak
 10397 | D:8      | Found a staircase to the Lair.
 10404 | D:8      | Noticed a two-headed ogre
 10440 | D:8      | Killed a death yak
 10440 | D:8      | Reached skill level 7 in Spellcasting
 10440 | D:8      | Reached skill level 5 in Conjurations
 10440 | D:8      | Reached skill level 1 in Necromancy
 10440 | D:8      | Reached XP level 10. HP: 24/61 MP: 0/20
 10935 | D:8      | Found Lymoinad's Magic Scroll Boutique.
 10951 | D:8      | HP: 3/61 [centaur/arrow (15)]
 11242 | D:8      | Bought a scroll of blinking for 82 gold pieces
 11242 | D:8      | Bought a scroll of fear for 38 gold pieces
 11457 | D:8      | Killed a two-headed ogre
 11567 | D:8      | Noticed a death yak
 11577 | D:8      | Noticed a death yak
 11783 | D:7      | Killed a death yak
 11783 | D:7      | Reached skill level 8 in Spellcasting
 12054 | D:7      | Killed a death yak
 12054 | D:7      | Reached skill level 1 in Throwing
 12185 | D:8      | Reached *** piety under Sif Muna
 12538 | D:8      | Found an iron altar of Okawaru.
 12582 | D:8      | Reached XP level 11. HP: 31/66 MP: 1/23
 13174 | D:9      | Reached skill level 5 in Short Blades
 13271 | D:10     | Entered Level 10 of the Dungeon
 13581 | D:9      | Reached skill level 9 in Spellcasting
 13636 | D:9      | Identified the Volume of Illusion
 13658 | D:9      | Learned a level 4 spell: Summon Ice Beast
 13852 | D:10     | Reached **** piety under Sif Muna
 13890 | D:10     | Reached skill level 1 in Invocations
 14238 | D:10     | Found Usonot's Armour Boutique.
 14417 | D:10     | Learned a level 5 spell: Agony
 14661 | D:11     | Found a staircase to the Orcish Mines.
 14694 | D:11     | Reached skill level 1 in Ice Magic
 14716 | D:11     | Noticed Psyche
 14736 | D:11     | Noticed Maurice
 14741 | D:11     | Killed Psyche
 14767 | D:11     | Killed Maurice
 16016 | D:10     | Gained mutation: You expend magic power (3 MP) to
                  | strengthen your wands. [potion of mutation]
 16016 | D:10     | Gained mutation: You are dopey. (Int -2) [potion of
                  | mutation]
 16016 | D:10     | Gained mutation: You evolve. [potion of mutation]
 16016 | D:10     | Gained mutation: You are partially covered in large bone
                  | plates. (SH +4) [potion of mutation]
 16311 | D:10     | Found a portal to a secret trove of treasure.
 16414 | D:11     | Reached skill level 1 in Hexes
 16608 | D:11     | Noticed a necromancer
 16619 | D:11     | Killed a necromancer
 16945 | D:11     | Reached XP level 12. HP: 67/72 MP: 6/25
 17166 | D:11     | Reached ***** piety under Sif Muna
 17843 | D:11     | Noticed Snorg
 18143 | D:11     | Killed Snorg
 18143 | D:11     | Reached skill level 10 in Spellcasting
 18449 | D:11     | Gained mutation: You are resistant to electric shocks.
                  | (rElec) [evolution]
 18468 | D:11     | Identified Imaapn's Incunabulum of Displaced Ignition (Sif
                  | Muna gifted it to you on level 11 of the Dungeon)
 18468 | D:11     | Received a gift from Sif Muna
 18480 | D:11     | Learned a level 4 spell: Iskenderun's Mystic Blast
 18789 | D:11     | Reached skill level 5 in Dodging
 20306 | D:13     | Found Ylaonil's Armour Emporium.
 20610 | D:13     | Noticed a centaur warrior
 20620 | D:13     | Killed a centaur warrior
 21165 | D:13     | Found a snail-covered altar of Cheibriados.
 21268 | D:13     | Noticed Urug
 21275 | D:13     | Killed Urug
 21589 | D:13     | Reached skill level 5 in Fire Magic
 22356 | D:14     | Found an ornate altar of the Wu Jian Council.
 22380 | D:15     | Entered Level 15 of the Dungeon
 22643 | D:15     | Noticed a centaur warrior
 22736 | D:15     | Killed a centaur warrior
 22932 | D:14     | Reached XP level 13. HP: 78/78 MP: 27/27
 22958 | D:15     | Reached skill level 5 in Invocations
 24005 | D:15     | Learned a level 4 spell: Sticky Flame
 24012 | D:15     | Learned a level 5 spell: Fireball
 24151 | D:15     | Noticed a dire elephant
 24171 | D:15     | Killed a dire elephant
 24171 | D:15     | Reached skill level 10 in Stealth
 24719 | Lair:1   | Entered Level 1 of the Lair of Beasts
 24740 | Lair:1   | Noticed Nergalle
 24762 | Lair:1   | Killed Nergalle
 24791 | Lair:1   | Reached skill level 11 in Spellcasting
 24837 | Lair:1   | Got a slimy glass ring
 24839 | Lair:1   | Identified the ring "Sikhy" {AC+4 Slay+3} (You found it on
                  | level 1 of the Lair of Beasts)
 26550 | Lair:2   | Found a staircase to the Swamp.
 27310 | Lair:3   | Found a staircase to the Snake Pit.
 28401 | Lair:4   | Slain by a cane toad

Illustrated notes

Levels and vault maps discovered:
D:1:      dpeg_arrival_prison, layout_loops_ring, fountainhead,
          chequers_serial_rivers_room_b
D:2:      layout_basic, nicolae_overflow_hidden_temple
D:3:      layout_basic, lemuel_doored_altar, portal_sewer_entry_b
D:4:      layout_basic, minmay_temple_entry_glass,
          chequers_serial_rivers_small_3
D:5:      layout_basic, basic_altar, minmay_misc_feat_roman
D:6:      layout_basic, gammafunk_ghost_icy, uniq_grinder
D:7:      layout_rooms, grunt_temple_overflow_open
D:8:      layout_basic, dpeg_lair_monsters, serial_shops, shop_scrolls,
          okawaru_humans
D:9:      layout_gridville
D:10:     layout_basic, serial_shops, nicolae_shop_waterfront,
          nicolae_trove_entry_diagonal
D:11:     hangedman_screamer, layout_rooms, orc_0_dummy, serial_shops,
          bzr_entry_customers, hangedman_abyss_or_decor_clamps, uniq_snorg,
          uniq_maurice, uniq_psyche
D:12:     layout_rooms
D:13:     layout_loops_corners, serial_shops,
          nicolae_shop_temple_entry_statues_fountains, cheibriados_altar_1,
          uniq_urug
D:14:     layout_rooms, erik_vaults_1, hangedman_decor_peaks_small, basic_altar
D:15:     hangedman_depths_entry_try_elsewhere_first, layout_irregular_city,
          hex_tiny
Temple:   nicolae_temple_figure_eight
Lair:1:   minmay_lair_venomous_thicket, layout_hall_layers, beast_lair_carwin_6,
          uniq_nergalle
Lair:2:   layout_concentric_octagons, minmay_swamp_entry_worms,
          nicolae_volcano_entry_hallway, lemuel_fruit_tree
Lair:3:   layout_small_grid, dummy_snake_entry, minivault_19,
          chequers_serial_rivers_marsh
Lair:4:   layout_concentric_octagons, serial_bayou_pond_a, pond,
          grunt_megastairs_5

Skill      XL: |  1  2  3  4  5  6  7  8  9 10 11 12 13 |
---------------+----------------------------------------+-----
Stealth        | 3 4 5 6 7 8 9 10 | 10.8
Spellcasting   | 4 5 7 8 9 10 11 | 11.3
Short Blades   | 1 2 3 4 6 8 |  8.0
Fighting       | 1 2 3 4 |  4.1
Dodging        | 3 4 5 |  5.7
Air Magic      | 1 2 3 4 |  4.8
Conjurations   | 2 3 4 5 6 7 8 9 |  9.0
Fire Magic     | 1 3 5 7 |  7.1
Poison Magic   | 1 2 3 |  3.0
Translocations | 2 3 |  3.7
Necromancy     | 1 3 4 |  4.4
Summonings     | 2 |  2.7
Throwing       | 1 |  1.9
Invocations    | 3 4 6 |  6.4
Ice Magic      | 2 3 |  3.3
Hexes          | 1 |  1.2
Evocations     | |  0.3

Action                   |  1- 3 |  4- 6 |  7- 9 | 10-12 | 13-15 || total
-------------------------+-------+-------+-------+-------+-------++-------
Melee: Dagger            |    62 |   116 |    30 |   523 |   145 ||   876
       Constrict         |    14 |    27 |    43 |    95 |    23 ||   202
       Tentacles         |    14 |    19 |    59 |   187 |    76 ||   355
       Short sword       |       |       |   184 |   370 |   158 ||   712
Throw: Dart              |       |     4 |     3 |    10 |     5 ||    22
 Cast: Magic Dart        |    27 |    60 |    74 |   189 |    51 ||   401
       Call Imp          |     1 |     8 |     5 |    15 |       ||    29
       Blink             |     1 |     1 |    11 |    42 |    10 ||    65
       Conjure Flame     |       |     1 |     3 |     4 |     5 ||    13
       Slow              |       |       |     3 |    14 |     1 ||    18
       Mephitic Cloud    |       |       |    14 |    82 |    51 ||   147
       Animate Dead      |       |       |       |     6 |       ||     6
       Summon Ice Beast  |       |       |       |    21 |       ||    21
       Iskenderun's Myst |       |       |       |     6 |     4 ||    10
       Fireball          |       |       |       |       |     1 ||     1
Invok: Channel Magic     |       |       |       |     1 |     1 ||     2
       Forget Spell      |       |       |       |       |     2 ||     2
Evoke: Wand              |       |       |       |    10 |     5 ||    15
  Use: Scroll            |       |       |    10 |    13 |     3 ||    26
       Potion            |       |       |       |    20 |     5 ||    25
 Stab: Sleeping          |     8 |     8 |    14 |    22 |    12 ||    64
       Confused          |       |       |     3 |    40 |    33 ||    76
       Distracted        |       |       |     1 |     1 |     1 ||     3
       Paralysed         |       |       |       |     1 |       ||     1
       Invisible         |       |       |       |       |     7 ||     7
Armor: Skin              |     7 |    11 |       |   176 |    29 ||   223
Dodge: Dodged            |    38 |    93 |   142 |   406 |   154 ||   833
Block: Other             |       |       |       |    57 |    21 ||    78

Table legend: (Time is in decaauts)
 A = Elapsed time spent in this place.
 B = Non-inter-level travel time spent in this place.
 C = Inter-level travel time spent in this place.
 D = Time resting spent in this place.
 E = Time spent auto-exploring this place.
 F = Levels seen in this place.
 G = Mean time per level.
                   A        B        C        D        E       F      G
               +--------+--------+--------+--------+--------+-----+--------+
         Total |  28160 |  27349 |    811 |   9420 |  10069 |  21 | 1341.0 |
       Dungeon |  23939 |  23166 |    773 |   8423 |   8010 |  15 | 1595.9 |
        Temple |    257 |    232 |     25 |    123 |     84 |   1 |  257.0 |
          Lair |   3637 |   3625 |     12 |    845 |   1824 |   4 |  909.2 |
         Sewer |    327 |    327 |      0 |     29 |    151 |   1 |  327.0 |
               +--------+--------+--------+--------+--------+-----+--------+

Top non-repeatable levels by time:
    D:10: 3089 daAuts
     D:7: 2757 daAuts
    D:11: 2358 daAuts
    D:13: 2245 daAuts
     D:5: 2078 daAuts
    D:15: 1887 daAuts
     D:4: 1656 daAuts
     D:8: 1574 daAuts
  Lair:1: 1362 daAuts
     D:6: 1271 daAuts
     D:1: 1232 daAuts
  Lair:2: 1172 daAuts
     D:9: 1137 daAuts
     D:3: 1070 daAuts
  Lair:3: 1031 daAuts
